 Dungeon Crawl Stone Soup version 0.30-a0-121-gb27577e5d9 (webtiles) character file.

Game seed: 11369724925100223359

438 greasedhog the Cudgeller (level 7, -4/45 HPs)
             Began as a Gargoyle Chaos Knight on Sept 15, 2022.
             Was a Plaything of Xom.
             Killed from afar by an orc wizard (10 damage)
             ... with a puff of flame
             ... on level 4 of the Dungeon.
             The game lasted 00:04:04 (3291 turns).

greasedhog the Cudgeller (Gargoyle Chaos Knight)    Turns: 3291, Time: 00:04:05

Health: -4/45      AC: 15    Str: 17    XL:     7   Next: 1%
Magic:  7/7        EV:  7    Int: 13    God:    Xom [..*...]
Gold:   227        SH:  0    Dex:  9    Spells: 6/6 levels left

rFire   . . .      SeeInvis .    a - +1 mace (chaos)
rCold   . . .      Faith    .    (no shield)
rNeg    + . .      Spirit   .    p - +0 chain mail
rPois   ∞          Reflect  .    (no helmet)
rElec   +          Harm     .    (no cloak)
rCorr   .          Rampage  .    (no gloves)
Will    .....                    h - +0 pair of boots
Stlth   ..........               (no amulet)
HPRegen 0.15/turn                (no ring)
MPRegen 0.10/turn                (no ring)

@: confused
A: sickness immunity, AC +4, negative energy resistance 1, electricity
resistance, torment resistance 1, petrification resistance
a: Renounce Religion


You were on level 4 of the Dungeon.
You worshipped Xom.
You were a toy of Xom.
You visited 1 branch of the dungeon, and saw 4 of its levels.

You collected 227 gold pieces.

Inventory:

Hand Weapons
 a - a +1 mace of chaos (weapon)
Missiles
 n - 2 throwing nets
Armour
 h - a +0 pair of boots (worn)
 p - a +0 chain mail (worn)
Wands
 b - a wand of polymorph (8)
Scrolls
 d - a scroll of torment {unknown}
 g - 2 scrolls of teleportation
 i - a scroll of amnesia
 j - 2 scrolls of enchant weapon
 m - a scroll of identify
 o - a scroll of enchant armour {unknown}
 r - a scroll of summoning {unknown}
Potions
 e - 3 potions of attraction
 f - 3 potions of lignification
 k - a potion of curing
 l - a potion of ambrosia {unknown}
 q - a potion of mutation {unknown}
 s - a potion of berserk rage {unknown}
Miscellaneous
 c - a piece from Xom's chessboard (15/15) (quivered)


   Skills:
 - Level 5.7 Fighting
 * Level 5.8 Maces & Flails
 * Level 3.4 Armour
 - Level 0.7 Dodging


You had 6 spell levels left.
You didn't know any spells.
Your spell library contained the following spells:

 Spells                   Type           Power      Damage    Failure   Level
 Wereblood                Tmut           0%         N/A       100%        2
 Summon Hydra             Summ           0%         N/A       100%        7
 Sublimation of Blood     Necr           Unusable   N/A       N/A         2

Dungeon Overview and Level Annotations

Branches:
Dungeon (4/15)
 Temple: D:4-7

Altars:
Gozag
Ru
Vehumet
Xom
Zin

Annotations:
D:4 2 runed translucent doors, Newt's ghost, amateur DsGl


Innate Abilities, Weirdness & Mutations

You are immune to sickness and miasma.
Your stone body is resilient. (AC +4)
You are immune to poison.
You resist negative energy. (rN+)
You are resistant to electric shocks. (rElec)
You are resistant to unholy torment.
You are immune to petrification.


Message History

The orc wizard is almost dead.
The orc wizard hits you with a +0 dagger.
Something hits you but does no damage.
The orc wizard hits you but does no damage.
Something hits you but does no damage.
You miss the orc wizard.
The orc wizard is almost dead.
Something hits you but does no damage. The orc wizard barely misses you.
You closely miss the orc wizard.
The orc wizard is almost dead.
Something hits you but does no damage.
The orc wizard hits you but does no damage.
You closely miss the orc wizard.
The orc wizard is almost dead.
The orc wizard completely misses you. Something hits you but does no damage.
You closely miss the orc wizard.
The orc wizard is almost dead.
Something hits you but does no damage. The orc wizard casts a spell at you.
The magic dart hits you but does no damage.
You hit the orc wizard.
You kill the orc wizard!
You hear some strange, mumbled words.
You are confused.
You have reached level 7!
Something hits you but does no damage.
Things that are here:
a +0 dagger; a +0 robe A magic dart appears from out of thin air!
The magic dart hits you but does no damage.
You hear some strange, mumbled words.
A puff of flame appears from out of thin air!
The puff of flame hits you!
* * * LOW HITPOINT WARNING * * *
Things that are here:
a +0 dagger; a +0 robe You hear some strange, mumbled words.
A puff of flame appears from out of thin air!
The puff of flame hits you!
You die...

.^^.## ..# ^_^..# #..####
. ^^..##......# ..
...........#
.#........... ###
............
########.#####..........
#............#..........
#.............{@).......
##................)......
#.......####++####.......
#.......##.≈.~.≈.#.......
...)....#.≈⌠.#..###......
........#≈#..~§.# ......
##......##..$..#§# #.....
#......####.#.### #..##
#......# ##### ###


There were no monsters in sight!

Vanquished Creatures
  Sigmund (D:2)
  An orc priest (D:4)
  2 orc wizards
  Natasha (D:2)
  7 adders
  A worm (D:2)
  2 dart slugs (D:1)
  3 orcs
  A ball python (D:1)
  6 endoplasms
  5 giant cockroaches
  3 goblins
  13 hobgoblins
  A jackal (D:2)
  A quokka (D:1)
  7 bats
  4 frilled lizards
  6 kobolds
  5 rats
70 creatures vanquished.

Vanquished Creatures (collateral kills)
  Jessica (D:2)
1 creature vanquished.

Vanquished Creatures (others)
  4 plants (D:2)
4 creatures vanquished.

Grand Total: 75 creatures vanquished

Notes
Turn   | Place    | Note
-------+----------+-------------------------------------------
     0 | D:1      | greasedhog the Gargoyle Chaos Knight began the quest for
                  | the Orb.
     0 | D:1      | Reached XP level 1. HP: 14/14 MP: 1/1
   103 | D:1      | XOM: silly message
   110 | D:1      | Reached XP level 2. HP: 18/19 MP: 2/2
   153 | D:1      | XOM: silly message
   359 | D:1      | XOM: butterfly on damage
   368 | D:1      | XOM: 1-stop teleportation journey
   625 | D:1      | Reached XP level 3. HP: 24/24 MP: 3/3
   983 | D:2      | XOM: god gift: 36 gold pieces
  1154 | D:2      | Reached XP level 4. HP: 17/30 MP: 4/4
  1243 | D:2      | XOM: 4-stop teleportation journey
  1659 | D:2      | Noticed Jessica
  1660 | D:2      | Noticed Sigmund
  1670 | D:2      | XOM: enchant monster (good)
  1708 | D:2      | XOM: summons 2 friendly demons
  1713 | D:2      | Killed Jessica
  1714 | D:2      | XOM: enchant monster (good)
  1719 | D:2      | Killed Sigmund
  1720 | D:2      | Reached skill level 5 in Fighting
  1720 | D:2      | Reached skill level 5 in Maces & Flails
  1720 | D:2      | Reached XP level 5. HP: 23/36 MP: 5/5
  1720 | D:2      | Reached XP level 6. HP: 26/41 MP: 6/6
  1801 | D:2      | XOM: 6-stop teleportation journey
  1830 | D:2      | XOM: god gift: 27 gold pieces
  1874 | D:2      | Noticed Natasha
  1883 | D:2      | Killed Natasha
  1903 | D:2      | XOM: silly message
  2159 | D:2      | XOM: silly message
  2565 | D:3      | Found a radiant altar of Vehumet.
  2632 | D:3      | Found a glowing silver altar of Zin.
  2666 | D:3      | XOM: enchant monster (bad)
  2842 | D:3      | XOM: 1-stop teleportation journey
  2960 | D:3      | Found a sacrificial altar of Ru.
  3173 | D:4      | Found an opulent altar of Gozag.
  3227 | D:4      | Found a large runed translucent door.
  3227 | D:4      | Found a large runed translucent door.
  3228 | D:4      | Noticed Newt's ghost (amateur DsGl)
  3261 | D:4      | Found a shimmering altar of Xom.
  3287 | D:4      | Reached XP level 7. HP: 15/45 MP: 7/7
  3291 | D:4      | Killed from afar by an orc wizard

Illustrated notes

Levels and vault maps discovered:
D:1:      scummos_arrival_simple_crosswalls, layout_rooms, minmay_pentomino_x4
D:2:      layout_basic, serial_forest, infiniplex_forest_lined_3,
          infiniplex_forest_clump_double, infiniplex_forest_lined_room_3,
          infiniplex_forest_lined_room_2, infiniplex_forest_corner_1,
          infiniplex_forest_split, infiniplex_forest_clump_cross,
          infiniplex_forest_pool, uniq_jessica, uniq_natasha, uniq_sigmund
D:3:      layout_rooms, mainiacjoe_overflow_alcove_4, nicolae_vehumet_radiance,
          nicolae_ru_path_of_blood, st_stairs_2
D:4:      layout_cave_pods, led_sif_book,
          mainiacjoe_overflow_concentric_impassable,
          nicolae_overflow_crystal_walls, xom_teletrap_fun,
          ebering_ghost_disaster_area

Skill      XL: |  1  2  3  4  5  6 |
---------------+-------------------+-----
Fighting       | 4 5 |  5.7
Maces & Flails | 4 5 |  5.8
Armour         | 3 |  3.4
Dodging        | |  0.7

Action                   |  1- 3 |  4- 6 |  7- 9 || total
-------------------------+-------+-------+-------++-------
Melee: Mace              |   112 |   141 |       ||   253
       Unarmed           |       |     8 |       ||     8
  Use: Scroll            |     4 |     2 |       ||     6
       Potion            |       |     2 |       ||     2
 Stab: Confused          |     1 |     1 |       ||     2
       Petrified         |       |     9 |       ||     9
       Petrifying        |       |     1 |       ||     1
Armor: Leather armour    |    10 |       |       ||    10
       Scale mail        |    54 |    57 |       ||   111
       Chain mail        |       |    87 |     2 ||    89
Dodge: Dodged            |    65 |    70 |       ||   135

Table legend: (Time is in decaauts)
 A = Elapsed time spent in this place.
 B = Non-inter-level travel time spent in this place.
 C = Inter-level travel time spent in this place.
 D = Time resting spent in this place.
 E = Time spent auto-exploring this place.
 F = Levels seen in this place.
 G = Mean time per level.
                   A        B        C        D        E       F      G
               +--------+--------+--------+--------+--------+-----+--------+
         Total |   3323 |   3234 |     89 |     24 |   2580 |   4 |  830.8 |
       Dungeon |   3323 |   3234 |     89 |     24 |   2580 |   4 |  830.8 |
               +--------+--------+--------+--------+--------+-----+--------+

Top non-repeatable levels by time:
     D:2: 1678 daAuts
     D:1: 857 daAuts
     D:3: 664 daAuts
     D:4: 123 daAuts
